 Dungeon Crawl Stone Soup version 0.30-a0-652-gcc886f7154 (webtiles) character file.

Game seed: 13090786483524588405

94 Newt the Shooter (level 4, 0/29 HPs)
             Began as a Kobold Hunter on Jan 17, 2023.
             Slain by an orc
             ... wielding a +0 short sword
              (4 damage)
             ... on level 3 of the Dungeon.
             The game lasted 00:02:39 (2003 turns).

Newt the Shooter (Kobold Hunter)                    Turns: 2003, Time: 00:02:40

Health: 0/29       AC:  4    Str:  8    XL:     4   Next: 94%
Magic:  4/4        EV: 14    Int: 10    God:
Gold:   103        SH:  0    Dex: 20    Spells: 3/3 levels left

rFire   . . .      SeeInvis .    a - +2 shortbow
rCold   . . .      Faith    .    (shield currently unavailable)
rNeg    . . .      Spirit   .    c - +1 leather armour
rPois   .          Reflect  .    (no helmet)
rElec   .          Harm     .    (no cloak)
rCorr   .          Rampage  .    (no gloves)
Will    .....                    (no boots)
Stlth   +++                      i - amulet of magic regeneration
HPRegen 0.24/turn                f - ring of flight
MPRegen 0.49/turn                (no ring)

@: flying
A: small, no large weapons, nightstalker 3
a: no special abilities


You were on level 3 of the Dungeon.
You visited 1 branch of the dungeon, and saw 3 of its levels.

You collected 157 gold pieces.
You spent 54 gold pieces at shops.

Inventory:

Hand Weapons
 a - a +2 shortbow (weapon)
Missiles
 h - a throwing net
Armour
 c - a +1 leather armour (worn)
Jewellery
 f - a ring of flight (left hand)
 g - a ring of fire
 i - an amulet of magic regeneration (around neck)
Scrolls
 b - a scroll of immolation
 e - 2 scrolls of teleportation
 j - a scroll of magic mapping
 l - a scroll of vulnerability
 n - 2 scrolls of identify
Potions
 d - 2 potions of mutation
 k - a potion of might
 m - 2 potions of ambrosia
 o - a potion of attraction
 p - a potion of curing


   Skills:
 - Level 4.0 Fighting
 + Level 6.1 Ranged Weapons
 - Level 2.4 Dodging
 - Level 3.0 Stealth


You had 3 spell levels left.
You didn't know any spells.
Your spell library contained the following spells:

 Spells                   Type           Power      Damage    Failure   Level
 Cigotuvi's Dreadful Rot  Necr/Pois/Air  0%         N/A       63%         2
 Dispel Undead            Necr           0%         3d6       99%         4
 Death Channel            Necr           0%         N/A       100%        6


Dungeon Overview and Level Annotations

Branches:
Dungeon (3/15)

Altars:

Shops:
D:2 *


Innate Abilities, Weirdness & Mutations

You are small and have problems with some larger weapons.
You are completely attuned to the shadows.


Message History

You kill the orc!
The orc wizard gestures at you while chanting.
The magic dart hits you. The orc hits you but does no damage.
The orc wizard hits you with a +0 dagger.
The orc barely misses you.
You are too injured to fight recklessly!
You are too injured to fight recklessly!
You are too injured to fight recklessly!
You are too injured to fight recklessly!
You are too injured to fight recklessly!
You are too injured to fight recklessly!
The orc attacks as you move away! The orc hits you but does no damage.
The orc wizard attacks as you move away!
The orc wizard barely misses you.
The orc wizard points at you and mumbles some strange words.
You are confused.
You're too confused to move!
You're too confused to move!
You closely miss the orc wizard. The orc wizard casts a spell at you.
You are more confused.
You bump into the rock wall.
The orc wizard barely misses you. The orc hits you with a +0 short sword.
You bump into the rock wall.
The orc wizard closely misses you. The orc hits you but does no damage.
You bump into the rock wall.
The orc wizard completely misses you. The orc barely misses you.
You bump into the rock wall.
The orc wizard gestures at you while chanting.
The puff of flame hits you!
* * * LOW HITPOINT WARNING * * *
The orc barely misses you.
You bump into the rock wall.
The orc wizard hits you but does no damage.
The orc closely misses you.
You feel better.
The orc wizard hits you with a +0 dagger.
* * * LOW HITPOINT WARNING * * *
The orc hits you with a +0 short sword.
You die...

...# ....##
.....#
....o########
.=.)o@......#
...†#######.#
.... #.# ..##
#.##########
.#
#...........
############


You could see an orc wizard and an orc.

Vanquished Creatures
  An orc priest (D:3)
  An adder (D:2)
  A dart slug (D:2)
  6 orcs (D:3)
  An endoplasm (D:2)
  A giant cockroach (D:2)
  4 hobgoblins
  2 jackals (D:1)
  A quokka (D:2)
  7 ball pythons
  9 bats
  5 frilled lizards
  4 goblins
  2 kobolds
  5 rats
50 creatures vanquished.

Vanquished Creatures (others)
  A plant (D:1)
1 creature vanquished.

Grand Total: 51 creatures vanquished

Notes
Turn   | Place    | Note
-------+----------+-------------------------------------------
     0 | D:1      | Newt the Kobold Hunter began the quest for the Orb.
     0 | D:1      | Reached XP level 1. HP: 12/12 MP: 1/1
   270 | D:1      | Reached XP level 2. HP: 17/17 MP: 2/2
   723 | D:2      | Reached XP level 3. HP: 21/22 MP: 3/3
   943 | D:2      | Found Hegunlae's Assorted Antiques.
   949 | D:2      | Bought a scroll labelled HUWACZ ERAEHYM for 27 gold pieces
  1444 | D:2      | Bought a scroll labelled WEXAUSUI ATATU for 27 gold pieces
  1461 | D:3      | Reached XP level 4. HP: 29/29 MP: 4/4
  1497 | D:3      | Reached skill level 6 in Ranged Weapons
  2001 | D:3      | HP: 1/29 [orc wizard/puff of flame (9)]
  2003 | D:3      | Slain by an orc

Illustrated notes

Levels and vault maps discovered:
D:1:      doesnt_arrival_eight_statues, layout_loops_cross, serial_bayou_pond_b,
          minivault_24, minivault_24
D:2:      layout_basic, serial_shops, shop, minmay_pentomino_pile
D:3:      layout_loops_ring, eat_drink_and_be_merry_uskayaw

Skill      XL: |  1  2  3  4 |
---------------+-------------+-----
Stealth        | 2 3 |  3.0
Fighting       | 3 4 |  4.0
Ranged Weapons | 6 |  6.1
Dodging        | |  2.4

Action                   |  1- 3 |  4- 6 || total
-------------------------+-------+-------++-------
Melee: Shortbow          |       |     1 ||     1
 Fire: Shortbow          |    83 |    31 ||   114
  Use: Scroll            |    11 |     2 ||    13
       Potion            |       |     3 ||     3
Armor: Leather armour    |     9 |     9 ||    18
Dodge: Dodged            |    28 |    14 ||    42

Table legend: (Time is in decaauts)
 A = Elapsed time spent in this place.
 B = Non-inter-level travel time spent in this place.
 C = Inter-level travel time spent in this place.
 D = Time resting spent in this place.
 E = Time spent auto-exploring this place.
 F = Levels seen in this place.
 G = Mean time per level.
                   A        B        C        D        E       F      G
               +--------+--------+--------+--------+--------+-----+--------+
         Total |   2038 |   1978 |     60 |    305 |   1420 |   3 |  679.3 |
       Dungeon |   2038 |   1978 |     60 |    305 |   1420 |   3 |  679.3 |
               +--------+--------+--------+--------+--------+-----+--------+

Top non-repeatable levels by time:
     D:2: 743 daAuts
     D:1: 736 daAuts
     D:3: 558 daAuts
